 Dungeon Crawl Stone Soup version 0.25-a0-362-g90ccd6aac3 (console) character file.

Game seed: 2255695579668041262, levelgen mode: deterministic

345 Kagalorn the Covert (level 6, -1/51 HPs)
             Began as a Naga Arcane Marksman on Jan 4, 2020.
             Was an Initiate of Okawaru.
             Slain by a centaur (4 damage)
             ... on level 5 of the Dungeon.
             The game lasted 00:14:42 (4394 turns).

Kagalorn the Covert (Naga Arcane Marksman)          Turns: 4394, Time: 00:14:43

Health: -1/51      AC:  4    Str: 15    XL:     6   Next: 58%
Magic:  7/7        EV:  7    Int: 13    God:    Okawaru [......]
Gold:   156        SH:  7    Dex: 14    Spells: 7/7 levels left

rFire    + . .     SeeInvis +   a - +0 hand crossbow
rCold    + . .     Gourm    .   v - +0 shield
rNeg     . . .     Faith    .   e - +0 robe
rPois    +         Spirit   .   k - +0 helmet
rElec    .         Reflect  .   x - scarf {rC+ rF+}
rCorr    .         Harm     .   (no gloves)
MR       .....                  (no barding)
Stlth    ++++......             (no amulet)
HPRegen  0.17/turn              u - +3 ring of dexterity
MPRegen  0.10/turn              (no ring)

@: very slow
A: large, see invisible, deformed body, poison resistance, slowness 2, slow
metabolism 1, spit poison 1, AC +2
a: Spit Poison, Renounce Religion


You were on level 5 of the Dungeon.
You worshipped Okawaru.
Okawaru was noncommittal.
You were near starving.

You visited 1 branch of the dungeon, and saw 5 of its levels.

You collected 156 gold pieces.

Inventory:

Hand Weapons
 a - a +0 hand crossbow (weapon)
 b - a +0 war axe
 o - a +0 trident
 w - a +0 hunting sling
 B - a +0 short sword of protection
Missiles
 d - 8 bolts (quivered)
 l - 87 arrows
 m - 64 stones
 s - 62 sling bullets
 t - 12 poisoned darts
Armour
 e - a +0 robe (worn)
 k - a +0 helmet (worn)
 v - a +0 shield (worn)
 x - a scarf of resistance (worn)
Jewellery
 u - a +3 ring of dexterity (left hand)
Scrolls
 g - a scroll of teleportation
 h - 3 scrolls of amnesia
 i - 2 scrolls of fog
 n - a scroll of enchant armour
 q - a scroll of remove curse
 y - a scroll of enchant weapon {unknown}
 A - a scroll of blinking {unknown}
Potions
 c - 2 potions of haste
 j - 2 potions of ambrosia
 p - 2 potions of might
 r - 3 potions of curing
 z - a potion of resistance
Comestibles
 f - 15 rations


   Skills:
 - Level 1.0 Fighting
 * Level 2.0 Crossbows
 - Level 1.5 Dodging
 * Level 9.3 Stealth
 - Level 1.0 Spellcasting
   Level 3.0 Hexes
 - Level 2.0 Invocations


You had 7 spell levels left.
You didn't know any spells.
Your spell library contained the following spells:

 Spells                   Type           Power        Failure   Level  Hunger
 Corona                   Hex            #......      50%         1    ##.....
 Slow                     Hex            #.......     65%         2    ###....
 Inner Flame              Hex/Fire       #.......     97%         3    ####...
 Portal Projectile        Hex/Tloc       #.....       97%         3    ####...
 Cause Fear               Hex            #.........   99%         4    #####..
 Leda's Liquefaction      Hex/Erth       #.........   100%        4    #####..


Dungeon Overview and Level Annotations

Branches:
Dungeon (5/15)
 Temple: D:4-7

Altars:
Ashenzari
Gozag
Nemelex Xobeh
Okawaru
Qazlal
Ru
Sif Muna
Yredelemnul
The Shining One

Annotations:
D:3 3 runed translucent doors, Tegun's ghost, amateur OgSk
D:4 exclusion: phantom


Innate Abilities, Weirdness & Mutations

You cannot wear boots.
Your serpentine skin is tough. (AC +2)
You have supernaturally acute eyesight. (SInv)
Armour fits poorly on your strangely shaped body.
Your system is resistant to poisons. (rPois)
You cover ground very slowly.
You have a slow metabolism.
You can spit poison.


Message History

The centaur is heavily wounded.
The centaur barely misses you. The centaur hits you.
* * * LOW HITPOINT WARNING * * *
You block the centaur's attack.
Firing (i - inventory. (/) - cycle)
d - 10 bolts (quivered)
Press: ? - help, Shift-Dir - straight line, f/p - centaur
Aim: a centaur, quivering 10 arrows (heavily wounded)
You shoot a bolt. The bolt hits the centaur.
The centaur is severely wounded.
The centaur hits you.
* * * LOW HITPOINT WARNING * * *
The centaur hits you!
* * * LOW HITPOINT WARNING * * *
Firing (i - inventory. (/) - cycle)
d - 9 bolts (quivered)
Press: ? - help, Shift-Dir - straight line, f/p - centaur
Aim: a centaur, quivering 10 arrows (severely wounded)
You shoot a bolt. The bolt hits the centaur.
The centaur is almost dead.
You block the centaur's attack. The centaur hits you.
You die...

#.#### #...# #...
#.##.#####.###.#
#.....## #.....#
#####.....#####.#.#
#...............#.#
##
#.###.....#######c#
.. ##...##
#<....##.#####
##.##
#c####.......# #.#
#@# #.#####.. #.#
#.# #.# #.# #.# #.#
####.# #.# #.#
#.<..#####.# #.#
#...###.....#.# #..
#.. ##....#.# ###
#. ##....... #
...####


You could see a centaur.

Vanquished Creatures
  A scorpion (D:3)
  A howler monkey (D:5)
  A centaur skeleton (D:4)
  3 worker ants
  7 adders
  An ooze (D:2)
  An adder skeleton (D:4)
  4 worms
  2 dart slugs (D:2)
  3 leopard geckos
  2 orcs
  4 giant cockroaches
  5 goblins
  7 hobgoblins
  6 jackals
  5 kobolds
  2 quokkas
  A ball python (D:4)
  9 bats
  5 frilled lizards
  A quokka skeleton (D:4)
  8 rats
79 creatures vanquished.

Notes
Turn   | Place    | Note
-------+----------+-------------------------------------------
     0 | D:1      | Kagalorn the Naga Arcane Marksman began the quest for the
                  | Orb.
     0 | D:1      | Reached XP level 1. HP: 18/18 MP: 2/2
   105 | D:1      | Reached skill level 1 in Stealth
   152 | D:1      | Reached skill level 2 in Stealth
   164 | D:1      | Reached XP level 2. HP: 20/25 MP: 3/3
   166 | D:1      | Reached skill level 3 in Stealth
   263 | D:1      | Found a glowing golden altar of the Shining One.
   794 | D:1      | Reached skill level 4 in Stealth
   820 | D:1      | Reached XP level 3. HP: 24/31 MP: 4/4
  1121 | D:2      | Reached skill level 5 in Stealth
  1505 | D:2      | Found an iron altar of Okawaru.
  1505 | D:2      | Found a sacrificial altar of Ru.
  1511 | D:2      | Reached XP level 4. HP: 38/38 MP: 5/5
  1513 | D:2      | Found a stormy altar of Qazlal.
  1515 | D:2      | Became a worshipper of Warmaster Okawaru
  1518 | D:2      | Found a faded altar of an unknown god.
  1520 | D:2      | Found an opulent altar of Gozag.
  1814 | D:2      | Reached skill level 6 in Stealth
  2271 | D:3      | Reached skill level 1 in Invocations
  2396 | D:3      | Reached XP level 5. HP: 44/44 MP: 6/6
  2442 | D:3      | Reached skill level 7 in Stealth
  2608 | D:3      | Found a runed translucent gate.
  2655 | D:3      | Found a runed translucent gate.
  2655 | D:3      | Found a runed translucent gate.
  2656 | D:3      | Found an opulent altar of Gozag.
  2658 | D:3      | Noticed Tegun's ghost (amateur OgSk)
  3074 | D:4      | Reached skill level 8 in Stealth
  3200 | D:4      | Found a sparkling altar of Nemelex Xobeh.
  3275 | D:4      | Found a shattered altar of Ashenzari.
  3463 | D:4      | Found a basalt altar of Yredelemnul.
  3475 | D:4      | Noticed a phantom
  3574 | D:4      | Found a shimmering blue altar of Sif Muna.
  3588 | D:4      | Reached XP level 6. HP: 51/51 MP: 7/7
  4190 | D:5      | Entered Level 5 of the Dungeon
  4231 | D:5      | Reached skill level 9 in Stealth
  4394 | D:5      | Slain by a centaur

Levels and vault maps discovered:
D:1:      scummos_arrival_star, layout_basic, interstate_on_off, tso_altar
D:2:      layout_basic, chequers_temple_overflow_minitemple
D:3:      layout_basic, first_ration, ebering_ghost_gozag
D:4:      layout_basic, yredelemnul_altar_generic, led_sif_pool,
          nicolae_ashenzari_panopticon, lemuel_crystal_altar, serial_forest,
          infiniplex_forest_clump_tiny, infiniplex_forest_end_2,
          infiniplex_forest_clump_medium, infiniplex_forest_straight_2,
          infiniplex_forest_corner_1, infiniplex_forest_end_3,
          infiniplex_forest_lined_room_2, infiniplex_forest_straight_3,
          hangedman_decor_slide_cut
D:5:      layout_loops_ring, minmay_misc_feat_iff, uniq_prince_ribbit1

Skill      XL: |  1  2  3  4  5  6 |
---------------+-------------------+-----
Stealth        | 2 4 5 6 8 9 |  9.3
Invocations    | 1 2 |  2.0
Crossbows      | 2 |  2.0
Fighting       | |  1.0
Dodging        | |  1.5
Spellcasting   | |  1.0
Hexes          | |  3.0

Action                   |  1- 3 |  4- 6 || total
-------------------------+-------+-------++-------
Melee: Unarmed           |    40 |       ||    40
       Short sword       |    83 |    42 ||   125
       War axe           |       |    52 ||    52
       Trident           |       |     1 ||     1
 Fire: Hand crossbow     |    16 |    17 ||    33
Throw: Dart              |       |    21 ||    21
 Abil: Spit Poison       |    18 |    18 ||    36
  Use: Potion            |     1 |       ||     1
       Scroll            |       |    12 ||    12
 Stab: Sleeping          |     7 |    12 ||    19
  Eat: Chunk             |     2 |     7 ||     9
Armor: Robe              |    64 |    30 ||    94
Dodge: Dodged            |    87 |    64 ||   151
Block: Shield            |       |    20 ||    20

Table legend:
 A = Non-vault XP
 B = Vault XP
 C = Vault XP percentage of total XP
 D = Non-vault monster count
 E = Vault monster count
 F = Vault count percentage of total count
                 A         B        C        D         E       F
            +---------+---------+-------+---------+---------+-------
      Total |     494 |       0 |   0.0 |      79 |       0 |   0.0
            +---------+---------+-------+---------+---------+-------
        D:1 |      35 |       0 |   0.0 |      22 |       0 |   0.0
        D:2 |     111 |       0 |   0.0 |      34 |       0 |   0.0
        D:3 |     110 |       0 |   0.0 |      10 |       0 |   0.0
        D:4 |     104 |       0 |   0.0 |       9 |       0 |   0.0
        D:5 |     134 |       0 |   0.0 |       4 |       0 |   0.0
            +---------+---------+-------+---------+---------+-------
